 Dungeon Crawl Stone Soup version 0.21.1-1-g345015f (webtiles) character file.

434 tkdonut the Chopper (level 7, 0/61 HPs)
             Began as a Hill Orc Berserker on July 2, 2018.
             Was a Priest of Trog.
             Slain by bmj180's ghost (11 damage)
             ... on level 4 of the Dungeon.
             The game lasted 00:09:42 (3681 turns).

tkdonut the Chopper (Hill Orc Berserker)            Turns: 3681, Time: 00:09:43

Health: 0/61       AC:  7    Str: 22    XL:     7   Next: 0%
Magic:  7/7        EV: 12    Int:  7    God:    Trog [***...]
Gold:   181        SH:  0    Dex: 10    Spells: 6/6 levels left

rFire    + . .     SeeInvis .   a - +0 hand axe
rCold    x . .     Gourm    .   (no shield)
rNeg     . . .     Faith    .   g - +0 ring mail
rPois    .         Spirit   .   i - +0 helmet
rElec    .         Reflect  .   (no cloak)
rCorr    +         Harm     .   (no gloves)
MR       .....                  (no boots)
Stlth    +.........             (no amulet)
HPRegen  0.20/turn              h - ring of resist corrosion
MPRegen  0.10/turn              j - ring of fire

@: berserk cooldown, slowed, very slow
A: no striking features
a: Berserk, Trog's Hand, Burn Spellbooks, Renounce Religion, Convert to Beogh


You were on level 4 of the Dungeon.
You worshipped Trog.
Trog was most pleased with you.
You were not hungry.

You visited 1 branch of the dungeon, and saw 4 of its levels.

You collected 181 gold pieces.

Inventory:

Hand Weapons
 a - a +0 hand axe (weapon)
 n - a +0 hand axe
Armour
 b - a +0 animal skin
 f - a +0 leather armour
 g - a +0 ring mail (worn)
 i - a +0 helmet (worn)
Jewellery
 h - a ring of resist corrosion (left hand)
 j - a ring of fire (right hand)
Scrolls
 k - a scroll of random uselessness
 m - 2 scrolls of enchant weapon {unknown}
 p - a scroll of blinking {unknown}
 s - a scroll of fog {unknown}
 t - a scroll of identify {unknown}
Potions
 d - a potion of might {unknown}
 e - a potion of mutation {unknown}
 l - a potion of flight {unknown}
 o - a potion of agility {unknown}
 q - 2 potions of curing {unknown}
 r - a potion of ambrosia {unknown}
Comestibles
 c - 10 rations


   Skills:
 + Level 5.2 Fighting
 + Level 7.1 Axes
 + Level 3.8 Armour
 + Level 2.8 Dodging
 + Level 0.6 Stealth


You had 6 spell levels left.
You didn't know any spells.

Dungeon Overview and Level Annotations

Branches:
Dungeon (4/15)
 Temple: D:4-7

Altars:
Gozag
Kikubaaqudgha
Qazlal
Ru
Yredelemnul
Zin

Annotations:
D:4 bmj180's ghost, amateur MiFi


Message History

You hit bmj180's ghost.
Bmj180's ghost is moderately damaged.
You hit bmj180's ghost.
Bmj180's ghost is moderately damaged.
Bmj180's ghost hits you!
* * * LOW HITPOINT WARNING * * *
You hit bmj180's ghost.
Bmj180's ghost is heavily damaged.
Bmj180's ghost hits you!
* * * LOW HITPOINT WARNING * * *
You feel a strong urge to attack something.
The orc priest invokes the aid of Beogh against you.
Pain shoots through your body!
* * * LOW HITPOINT WARNING * * *
Found 18 gold pieces.
You feel your anger nearly subside.
You are no longer berserk.
You are exhausted.
You feel yourself slow down. Bmj180's ghost hits you!
You die...

#..# .... #..##
....# ##...# #..$#
##.... ##...# ..
#..... ###...## ...
#....####......#
...#
#..<....).....###..#
#.<..@W.o.........##
##)....###.........#
##...####..........
#..####....)......
#...(.....##....#.
#.........o.# ....#
...##.........# ....
### ##........# ...
#.........# ..


You could see an orc priest and bmj180's ghost.

Vanquished Creatures
  A sky beast (D:3)
  3 orc wizards (D:3)
  2 worker ants (D:3)
  4 gnolls (D:3)
  7 adders
  A worm (D:2)
  3 dart slugs
  A leopard gecko (D:2)
  5 orcs
  A ball python (D:2)
  14 bats
  6 giant cockroaches
  14 goblins
  7 hobgoblins
  7 jackals
  2 quokkas (D:3)
  5 frilled lizards
  6 kobolds
  5 rats
  A plant (D:3)
95 creatures vanquished.

Notes
Turn   | Place    | Note
-------+----------+-------------------------------------------
     0 | D:1      | tkdonut the Hill Orc Berserker began the quest for the Orb.
     0 | D:1      | Reached XP level 1. HP: 19/19 MP: 1/1
    29 | D:1      | HP: 1/20 [dart slug (2)]
   378 | D:1      | Reached XP level 2. HP: 23/27 MP: 2/2
   700 | D:1      | Reached XP level 3. HP: 32/33 MP: 3/3
  1042 | D:2      | Reached XP level 4. HP: 22/40 MP: 4/4
  1061 | D:2      | HP: 2/40 [poisoned by an adder]
  1372 | D:2      | Found a basalt altar of Yredelemnul.
  1391 | D:2      | Reached skill level 5 in Axes
  1393 | D:2      | Reached ** piety under Trog
  1586 | D:2      | Found an ancient bone altar of Kikubaaqudgha.
  1910 | D:2      | Found a glowing silver altar of Zin.
  1910 | D:2      | Found an opulent altar of Gozag.
  2092 | D:3      | Found a sacrificial altar of Ru.
  2104 | D:3      | Reached XP level 5. HP: 47/47 MP: 5/5
  2148 | D:3      | Noticed a sky beast
  2168 | D:3      | Killed a sky beast
  2168 | D:3      | Reached skill level 5 in Fighting
  2168 | D:3      | Reached skill level 6 in Axes
  2168 | D:3      | Reached XP level 6. HP: 11/56 MP: 6/6
  2941 | D:3      | Reached *** piety under Trog
  3314 | D:3      | Found a stormy altar of Qazlal.
  3448 | D:3      | Reached skill level 7 in Axes
  3507 | D:3      | Reached XP level 7. HP: 36/61 MP: 7/7
  3655 | D:4      | Noticed bmj180's ghost (amateur MiFi)
  3681 | D:4      | Slain by bmj180's ghost

Skill      XL: |  1  2  3  4  5  6 |
---------------+-------------------+-----
Fighting       | 4 5 |  5.2
Dodging        | 2 |  2.8
Axes           | 5 6 7 |  7.1
Armour         | 3 |  3.8
Stealth        | |  0.6

Action                   |  1- 3 |  4- 6 |  7- 9 || total
-------------------------+-------+-------+-------++-------
Melee: Hand axe          |    84 |   269 |    16 ||   369
Invok: Berserk           |     1 |     5 |     2 ||     8
  Use: Scroll            |       |     2 |       ||     2
 Stab: Sleeping          |     1 |       |       ||     1
       Invisible         |       |     1 |       ||     1
  Eat: Chunk             |       |    13 |     1 ||    14
       Ration            |       |       |     1 ||     1
Armor: Animal skin       |     2 |       |       ||     2
       Ring mail         |    32 |   101 |     2 ||   135
Dodge: Dodged            |    77 |   165 |     5 ||   247
